 Dungeon Crawl Stone Soup version 0.25-a0-591-g2ad0d86 (webtiles) character file.

Game seed: 3550667290143875355, levelgen mode: deterministic

47 Balder the Skirmisher (level 3, 0/29 HPs)
             Began as a Demonspawn Berserker on Mar 13, 2020.
             Was a Believer of Trog.
             Succumbed to a hobgoblin's poison
             ... on level 2 of the Dungeon.
             The game lasted 00:04:26 (811 turns).

Balder the Skirmisher (Demonspawn Berserker)         Turns: 811, Time: 00:04:27

Health: 0/29       AC:  3    Str: 18    XL:     3   Next: 48%
Magic:  3/3        EV: 14    Int:  8    God:    Trog [**....]
Gold:   37         SH:  0    Dex: 12    Spells: 2/2 levels left

rFire    . . .     SeeInvis .   a - +0 mace
rCold    . . .     Gourm    .   (no shield)
rNeg     . . .     Faith    .   g - +0 leather armour
rPois    .         Spirit   .   (no helmet)
rElec    .         Reflect  .   (no cloak)
rCorr    .         Harm     .   (no gloves)
MR       .....                  (no boots)
Stlth    +.........             (no amulet)
HPRegen  0.09/turn              (no ring)
MPRegen  0.08/turn              (no ring)

@: lethally poisoned (0 -> -17), berserk cooldown, slowed, very slow
A: claws 1, repulsion field 1
a: Berserk, Trog's Hand, Renounce Religion


You were on level 2 of the Dungeon.
You worshipped Trog.
Trog was pleased with you.
You were hungry.

You visited 1 branch of the dungeon, and saw 2 of its levels.

You collected 37 gold pieces.

Inventory:

Hand Weapons
 a - a +0 mace (weapon)
Armour
 g - a +0 leather armour (worn)
Scrolls
 b - a scroll of remove curse {unknown}
 d - 5 scrolls of teleportation {unknown}
 h - a scroll of fog {unknown}
Comestibles
 c - 3 rations
 f - a chunk of flesh


   Skills:
 + Level 3.5 Fighting
 + Level 3.3 Maces & Flails
 + Level 2.0 Armour
 + Level 2.2 Dodging
 + Level 0.2 Stealth


You had 2 spell levels left.
You didn't know any spells.
Your spell library was empty.

Dungeon Overview and Level Annotations

Branches:
Dungeon (2/15)

Altars:


Innate Abilities, Weirdness & Mutations

You have sharp fingernails.
You are surrounded by a mild repulsion field. (EV +2)


Message History

A hobgoblin comes into view. It is quivering 8 poisoned darts.
You feel a strong urge to attack something.
* * * LOW HITPOINT WARNING * * *
You feel sick.
The hobgoblin shouts!
The hobgoblin throws a poisoned dart.
The poisoned dart hits you!
You are more poisoned.
* * * LOW HITPOINT WARNING * * *
You feel sick.
You feel your anger nearly subside.
You are no longer berserk.
You are exhausted.
You feel yourself slow down.
* * * LOW HITPOINT WARNING * * *
You feel sick.
The hobgoblin throws a poisoned dart.
The poisoned dart barely misses you.
* * * LOW HITPOINT WARNING * * *
You feel sick.
The hobgoblin throws a poisoned dart.
The poisoned dart closely misses you.
You see here a poisoned dart.
You die...

<.....# #.## .. .. #####.# ####.#
.# .. #####.# #....# .##. .
...##.# #....# ... ..
##.##.####....# .. ..
##..........#.# .##g##.##.#
......#######.#######........#.
.###### #....(....# ..... .#
##..@(##.## #...# .# ###.#####.#
#...#### [###########.......#)#
#.......
...##.....##.#.......#####....###
.#.##.....##.#.#.#.#...w.g.......
.#.##......#.#...)...............
.#.##......#.##..#.#.............
.#.##......#.##..#.#######.......
...#.....#.#.......# #...####


There were no monsters in sight!

Vanquished Creatures
  An adder (D:2)
  A worm (D:2)
  A dart slug (D:1)
  A giant cockroach (D:2)
  4 goblins
  4 hobgoblins
  5 jackals
  4 kobolds
  5 bats (D:1)
  4 frilled lizards
  A rat (D:1)
31 creatures vanquished.

Notes
Turn   | Place    | Note
-------+----------+-------------------------------------------
     0 | D:1      | Balder the Demonspawn Berserker began the quest for the
                  | Orb.
     0 | D:1      | Reached XP level 1. HP: 18/18 MP: 1/1
   116 | D:1      | Gained mutation: You are surrounded by a mild repulsion
                  | field. (EV +2) [demonic ancestry]
   116 | D:1      | Reached XP level 2. HP: 20/24 MP: 2/2
   466 | D:1      | Reached ** piety under Trog
   708 | D:2      | Gained mutation: You have sharp fingernails. [demonic
                  | ancestry]
   708 | D:2      | Reached XP level 3. HP: 29/29 MP: 3/3
   811 | D:2      | Succumbed to a hobgoblin's poison

Levels and vault maps discovered:
D:1:      dpeg_arrival_shelter, layout_rooms
D:2:      layout_loops_cross, makhleb_blood_cavern_becter

Skill      XL: |  1  2  3 |
---------------+----------+-----
Maces & Flails | 3 |  3.3
Dodging        | 2 |  2.2
Armour         | 2 |  2.0
Fighting       | |  3.5
Stealth        | |  0.2

Action                   || total
-------------------------++-------
Melee: Mace              ||   102
Invok: Berserk           ||     1
  Use: Potion            ||     1
Armor: Animal skin       ||    10
       Leather armour    ||    14
Dodge: Dodged            ||    74

Table legend:
 A = Non-vault XP
 B = Vault XP
 C = Vault XP percentage of total XP
 D = Non-vault monster count
 E = Vault monster count
 F = Vault count percentage of total count
                 A         B        C        D         E       F
            +---------+---------+-------+---------+---------+-------
      Total |      68 |       0 |   0.0 |      31 |       0 |   0.0
            +---------+---------+-------+---------+---------+-------
        D:1 |      36 |       0 |   0.0 |      21 |       0 |   0.0
        D:2 |      32 |       0 |   0.0 |      10 |       0 |   0.0
            +---------+---------+-------+---------+---------+-------
